 Dungeon Crawl Stone Soup version 0.30-a0-439-g9e77e4d916 (webtiles) character file.

Game seed: 18421985607566994719

110 Emberiza the Chopper (level 4, -5/39 HPs)
             Began as a Minotaur Berserker on Dec 10, 2022.
             Was a Believer of Trog.
             Slain by a gnoll
             ... wielding a +0 halberd
              (11 damage)
             ... on level 3 of the Dungeon.
             The game lasted 00:02:15 (1613 turns).

Emberiza the Chopper (Minotaur Berserker)           Turns: 1613, Time: 00:02:16

Health: -5/39      AC:  0    Str: 24    XL:     4   Next: 61%
Magic:  3/3        EV: 14    Int:  4    God:    Trog [**....]
Gold:   155        SH:  0    Dex:  9    Spells: 3/3 levels left

rFire   . . .      SeeInvis .    (weapon currently unavailable)
rCold   . . .      Faith    .    (shield currently unavailable)
rNeg    . . .      Spirit   .    (body armour currently unavailable)
rPois   .          Reflect  .    (helmet currently unavailable)
rElec   .          Harm     .    (cloak currently unavailable)
rCorr   .          Rampage  .    (gloves currently unavailable)
Will    .....                    (boots currently unavailable)
Stlth   +.........               k - amulet of magic regeneration
HPRegen 0.26/turn                (ring currently unavailable)
MPRegen 0.48/turn                (ring currently unavailable)

@: pig-form, very quick
A: fast, no casting, small, (horns 2), (retaliatory headbutt)
a: Renounce Religion, Berserk, Trog's Hand


You were on level 3 of the Dungeon.
You worshipped Trog.
Trog was pleased with you.
You were a filthy swine.
You visited 1 branch of the dungeon, and saw 3 of its levels.

You collected 155 gold pieces.

Inventory:

Hand Weapons
 a - a +0 hand axe (melded)
Missiles
 m - 2 atropa-tipped darts (quivered)
Armour
 b - a +0 animal skin
 j - a +0 chain mail (melded)
 n - a +2 buckler (melded)
 r - a +0 cloak (melded)
Jewellery
 h - a ring of magical power (melded)
 k - an amulet of magic regeneration (around neck)
Scrolls
 c - 2 scrolls of identify {unknown}
 e - 2 scrolls of magic mapping {unknown}
 f - a scroll of enchant armour {unknown}
 l - a scroll of teleportation {unknown}
 o - a scroll of silence {unknown}
 p - 2 scrolls of butterflies {unknown}
Potions
 d - a potion of haste {unknown}
 g - a potion of brilliance {unknown}
 i - 2 potions of mutation {unknown}
 q - a potion of curing {unknown}
 s - a potion of attraction {unknown}
 t - 2 potions of heal wounds {unknown}


   Skills:
 - Level 3.6 Fighting
 + Level 6.6 Axes
 - Level 2.4 Armour
 - Level 2.1 Dodging


You had 3 spell levels left.
You didn't know any spells.
Your spell library was empty.

Dungeon Overview and Level Annotations

Branches:
Dungeon (3/15)

Altars:
Trog

Annotations:
D:3 Natasha


Innate Abilities, Weirdness & Mutations

You are a filthy swine.
You move quickly.
Your equipment is almost entirely melded.
You are incapable of wielding weapons or throwing items.
You cannot cast spells.
((You have a pair of horns on your head.))
((You reflexively headbutt those who attack you in melee.))


Message History

There is a stone staircase leading down here.
A gnoll comes into view. It is wielding a +0 spear.
Found a scroll labelled UNOUPH BUEG.
A gnoll is nearby!
A gnoll is nearby!
Natasha and a gnoll come into view.
Natasha is carrying a wand of polymorph (5).
Natasha hisses angrily.
Natasha stares at you and mumbles some strange words.
The magic dart hits you.
A gnoll comes into view. It is wielding a +0 spear.
The gnoll shouts!
A rat comes into view.
You block the gnoll's attack. The gnoll barely misses you.
A gnoll comes into view. It is wielding a +0 flail.
The gnoll shouts!
You block the gnoll's attack.
The gnoll hits you from afar with a +0 spear.
You hit the gnoll. Your headbutt misses the gnoll.
The gnoll is moderately wounded.
You closely miss Natasha. The gnoll hits you with a +0 halberd.
The gnoll hits you from afar with a +0 spear. x2
Natasha claws you.
You hit the gnoll. You headbutt the gnoll.
The gnoll is almost dead.
You hit Natasha but do no damage. You hit the rat.
The rat bites you but does no damage. The gnoll barely misses you.
You block the gnoll's attack.
The gnoll hits you from afar with a +0 spear.
Natasha zaps a wand.
You turn into a filthy swine.
Your +0 hand axe melds into your body.
Your +0 cloak melds into your body.
Your +2 buckler melds into your body.
Your +0 chain mail melds into your body.
Your ring of magical power melds into your body.
You feel your magic capacity decrease. The gnoll misses you. The rat bites you.
* * * LOW HITPOINT WARNING * * *
The gnoll hits you from afar with a +0 spear!
* * * LOW HITPOINT WARNING * * *
The gnoll hits you with a +0 halberd!
You die...

.###..........(
..##.......#.###..
..##.......#.# #.#
..##.........###.##
#.##.......###....
#.##.......# #.#.#
..##.......###.#.# #
######).......ghr##..#..
#...>.......hgg.....
##...#####.###g.....
##.## #.# ...#. ### #..
.## #### #


You could see Natasha, 4 gnolls and a rat.

Vanquished Creatures
  Natasha (D:3)
  2 adders
  2 worms (D:2)
  2 dart slugs
  2 orcs (D:3)
  2 bats (D:2)
  6 endoplasms
  2 giant cockroaches (D:1)
  9 goblins
  A hobgoblin (D:2)
  6 jackals (D:1)
  2 kobolds
  4 quokkas (D:2)
  2 ball pythons (D:1)
  3 frilled lizards
  3 rats
49 creatures vanquished.

Vanquished Creatures (others)
  A wizard (D:3)
1 creature vanquished.

Grand Total: 50 creatures vanquished

Notes
Turn   | Place    | Note
-------+----------+-------------------------------------------
     0 | D:1      | Emberiza the Minotaur Berserker began the quest for the
                  | Orb.
     0 | D:1      | Reached XP level 1. HP: 19/19 MP: 0/0
    47 | D:1      | Reached skill level 4 in Axes
    55 | D:1      | Reached XP level 2. HP: 26/26 MP: 1/1
   302 | D:1      | Found a faded altar of an unknown god.
   419 | D:1      | Reached skill level 5 in Axes
   520 | D:2      | Reached ** piety under Trog
   521 | D:2      | Reached XP level 3. HP: 31/31 MP: 2/2
  1256 | D:3      | Reached skill level 6 in Axes
  1256 | D:3      | Reached XP level 4. HP: 39/39 MP: 3/3
  1361 | D:3      | Found a bloodstained altar of Trog.
  1362 | D:3      | Noticed a wizard
  1367 | D:3      | Killed a wizard
  1395 | D:3      | Noticed Natasha
  1406 | D:3      | Killed Natasha
  1608 | D:3      | Noticed Natasha
  1613 | D:3      | Slain by a gnoll

Illustrated notes

Levels and vault maps discovered:
D:1:      saegor_arrival_under_anarchy, layout_rooms,
          dilly_ecumenical_altar_fadedgnrine, minmay_pentomino_x4
D:2:      layout_basic
D:3:      layout_loops_corners, mainiacjoe_overflow_paths, trog_wizard,
          minmay_crystal_room, st_stairs_14, minmay_tree_intersection,
          uniq_jessica, uniq_robin, uniq_natasha

Skill      XL: |  1  2  3 |
---------------+----------+-----
Axes           | 4 5 6 |  6.6
Fighting       | |  3.6
Armour         | |  2.4
Dodging        | |  2.1

Action                   |  1- 3 |  4- 6 || total
-------------------------+-------+-------++-------
Melee: Hand axe          |    97 |    25 ||   122
       Headbutt          |    17 |     2 ||    19
Invok: Berserk           |     1 |       ||     1
Armor: Animal skin       |     6 |       ||     6
       Chain mail        |    36 |    13 ||    49
Dodge: Dodged            |    44 |    14 ||    58
Block: Buckler           |     7 |     8 ||    15

Table legend: (Time is in decaauts)
 A = Elapsed time spent in this place.
 B = Non-inter-level travel time spent in this place.
 C = Inter-level travel time spent in this place.
 D = Time resting spent in this place.
 E = Time spent auto-exploring this place.
 F = Levels seen in this place.
 G = Mean time per level.
                   A        B        C        D        E       F      G
               +--------+--------+--------+--------+--------+-----+--------+
         Total |   1628 |   1618 |     10 |    245 |   1014 |   3 |  542.7 |
       Dungeon |   1628 |   1618 |     10 |    245 |   1014 |   3 |  542.7 |
               +--------+--------+--------+--------+--------+-----+--------+

Top non-repeatable levels by time:
     D:2: 745 daAuts
     D:1: 518 daAuts
     D:3: 364 daAuts
